General information
- name: BNet
- type: Ladder team game (AT/RT)
- host: Battle.net
- saver: Retardwrangler
map: MarketSquare
- players: 8
- length: 34:07
- speed: Fast
- version: 1.28 W3XP
- replay type: Public
» download(237 KB)
Players
team 1 (loser)

»
Dead.Dragon (
blue | 66 APM | 2091 actions | 31:31)
6 Mountain King
3 Storm Bolt
2 Bash
1 Avatar
4 Paladin
2 Holy Light
2 Divine Shield
1 Death Knight
1 Unholy Aura
» actions
| Basic commands | 12 | |
| Build / train | 135 | |
| Enter build submenu | 39 | |
| Enter hero's abilities submenu | 10 | |
| Give item / drop item | 1 | |
| Remove unit from queue | 1 | |
| Right click | 1132 | |
| Select / deselect | 664 | |
| Use ability | 97 | |
2091 total
» units
| Peasant | 28 | |
| Footman | 7 | |
| Rifleman | 15 | |
| Siege Engine | 13 | |
| Gargoyle | 6 | |
| Gryphon Rider | 2 | |
71 total
» upgrades
| Masonry | 3 | |
| Gunpowder | 3 | |
| Lumber Harvesting | 2 | |
| Armor | 3 | |
| Barrage | 1 | |
| Long Rifles | 1 | |
| Plating | 3 | |
| Swords | 1 | |
| Storm Hammers | 1 | |
18 total
» buildings
| Altar of Kings | 1 | |
| Barracks | 2 | |
| Farm | 11 | |
| Scout Tower | 9 | |
| Arcane Tower | 3 | |
| Arcane Vault | 2 | |
| Lumber Mill | 4 | |
| Town Hall | 2 | |
| Blacksmith | 1 | |
| Keep | 1 | |
| Guard Tower | 6 | |
| Castle | 1 | |
| Workshop | 4 | |
| Gryphon Aviary | 3 | |
50 total
» build order
00:08 Altar of Kings
00:12 Barracks
00:15 Farm
00:48 Farm
01:48 Scout Tower
02:02 Farm
02:16 Arcane Tower
02:43 Farm
03:29 Arcane Vault
03:33 Lumber Mill
04:41 Town Hall
04:46 Scout Tower
05:16 Blacksmith
05:20 Barracks
05:23 Arcane Tower
05:48 Farm
06:20 Keep
06:43 Lumber Mill
06:50 Lumber Mill
07:18 Scout Tower
07:50 Guard Tower
07:53 Scout Tower
08:03 Scout Tower
08:09 Scout Tower
08:22 Arcane Tower
08:25 Scout Tower
08:31 Guard Tower
08:34 Scout Tower
08:35 Guard Tower
08:38 Scout Tower
08:45 Castle
08:58 Guard Tower
09:01 Guard Tower
09:06 Guard Tower
09:08 Farm
09:51 Workshop
09:55 Farm
10:07 Workshop
10:12 Lumber Mill
10:36 Farm
11:50 Farm
20:38 Workshop
20:42 Workshop
24:17 Arcane Vault
24:43 Farm
25:46 Town Hall
27:05 Farm
29:07 Gryphon Aviary
29:15 Gryphon Aviary
29:18 Gryphon Aviary
» items
| Scroll of Regeneration | 3 | |
| Boots of Speed | 1 | |
| Potion of Lesser Invulnerability | 1 | |
| Scroll of Healing | 1 | |
| Scroll of Town Portal | 2 | |
| Potion of Mana | 1 | |
| Potion of Healing | 3 | |
| Lesser Clarity Potion | 1 | |
| Orb of Fire | 1 | |
14 total

»
SneakS.JD (
pink | 72 APM | 800 actions | 11:03)
1 Death Knight
1 Death Coil
» actions
| Assign group hotkey | 12 | |
| Basic commands | 1 | |
| Build / train | 28 | |
| Enter build submenu | 9 | |
| Enter hero's abilities submenu | 1 | |
| Right click | 399 | |
| Select / deselect | 111 | |
| Select group hotkey | 229 | |
| Use ability | 10 | |
800 total
» units
» upgrades
| Creature Attack | 2 | |
| Stone Form | 1 | |
3 total
» buildings
| Graveyard | 1 | |
| Crypt | 2 | |
| Ziggurat | 4 | |
| Halls of the Dead | 3 | |
| Altar of Darkness | 1 | |
| Black Citadel | 2 | |
13 total
» build order
00:08 Graveyard
00:19 Crypt
00:40 Ziggurat
02:00 Halls of the Dead
02:00 Halls of the Dead
02:01 Halls of the Dead
02:22 Altar of Darkness
02:46 Crypt
02:57 Ziggurat
03:24 Ziggurat
06:10 Ziggurat
07:39 Black Citadel
TURNCOATSMOTHER (
purple | 68 APM | 2330 actions | 34:06)
5 Blademaster
3 Wind Walk
2 Critical Strike
1 Dark Ranger
1 Silence
» actions
| Assign group hotkey | 35 | |
| Basic commands | 120 | |
| Build / train | 87 | |
| Enter build submenu | 32 | |
| Enter hero's abilities submenu | 6 | |
| Give item / drop item | 1 | |
| Remove unit from queue | 2 | |
| Right click | 874 | |
| Select / deselect | 301 | |
| Select group hotkey | 725 | |
| Use ability | 147 | |
2330 total
» units
| Peon | 19 | |
| Raider | 12 | |
| Gargoyle | 7 | |
| Wind Rider | 6 | |
44 total
» upgrades
| Melee Weapons | 1 | |
| Reinforced Defenses | 1 | |
| Ensnare | 1 | |
| Armor | 1 | |
| Creature Carapace | 1 | |
| Ranged Weapons | 2 | |
7 total
» buildings
| Altar of Storms | 1 | |
| Orc Burrow | 6 | |
| War Mill | 1 | |
| Voodoo Lounge | 1 | |
| Watch Tower | 22 | |
| Stronghold | 2 | |
| Beastiary | 3 | |
| Fortress | 1 | |
| Necropolis | 1 | |
| Ziggurat | 6 | |
| Halls of the Dead | 3 | |
| Great Hall | 1 | |
48 total
» build order
00:07 Altar of Storms
00:20 Orc Burrow
00:39 War Mill
01:09 Voodoo Lounge
01:56 Watch Tower
02:16 Watch Tower
02:34 Watch Tower
02:53 Orc Burrow
03:38 Stronghold
03:55 Watch Tower
04:24 Watch Tower
04:48 Orc Burrow
05:16 Orc Burrow
05:22 Orc Burrow
06:19 Beastiary
06:20 Beastiary
06:41 Fortress
08:14 Watch Tower
09:49 Watch Tower
11:22 Watch Tower
11:23 Watch Tower
11:28 Watch Tower
11:28 Watch Tower
11:28 Watch Tower
11:42 Watch Tower
12:03 Necropolis
12:31 Ziggurat
12:31 Ziggurat
12:32 Ziggurat
12:32 Ziggurat
12:52 Watch Tower
12:52 Watch Tower
12:53 Watch Tower
13:10 Watch Tower
14:16 Halls of the Dead
14:16 Halls of the Dead
14:17 Halls of the Dead
14:19 Ziggurat
14:20 Ziggurat
14:31 Watch Tower
14:32 Watch Tower
14:32 Watch Tower
14:44 Watch Tower
14:44 Watch Tower
22:14 Beastiary
22:15 Orc Burrow
24:17 Great Hall
» items
| Healing Salve | 4 | |
| Lesser Clarity Potion | 2 | |
| Staff of Teleportation | 2 | |
| Scroll of Town Portal | 4 | |
| Potion of Mana | 1 | |
| Orb of Lightning | 1 | |
| Tiny Great Hall | 1 | |
15 total

»
Wetbone (
orange | 42 APM | 1144 actions | 27:20)
5 Lich
3 Frost Nova
2 Dark Ritual
6 Death Knight
3 Death Coil
1 Unholy Aura
2 Death Pact
3 Dark Ranger
2 Black Arrow
1 Life Drain
» actions
| Basic commands | 1 | |
| Build / train | 75 | |
| ESC pressed | 2 | |
| Enter build submenu | 21 | |
| Enter hero's abilities submenu | 14 | |
| Remove unit from queue | 3 | |
| Right click | 534 | |
| Select / deselect | 392 | |
| Use ability | 101 | |
1144 total
» units
| Acolyte | 13 | |
| Ghoul | 8 | |
| Frost Wyrm | 6 | |
| Gargoyle | 3 | |
| Crypt Fiend | -1 | |
29 total
» upgrades
| Creature Attack | 3 | |
| Creature Carapace | 3 | |
| Freezing Breath | 1 | |
7 total
» buildings
| Altar of Darkness | 1 | |
| Ziggurat | 12 | |
| Crypt | 1 | |
| Graveyard | 1 | |
| Tomb of Relics | 1 | |
| Halls of the Dead | 1 | |
| Nerubian Tower | 1 | |
| Black Citadel | 1 | |
| Sacrificial Pit | 1 | |
| Boneyard | 2 | |
| Necropolis | 3 | |
| Spirit Tower | 5 | |
30 total
» build order
00:12 Altar of Darkness
00:17 Ziggurat
00:38 Crypt
01:05 Graveyard
01:26 Ziggurat
01:45 Tomb of Relics
03:02 Halls of the Dead
04:55 Nerubian Tower
05:24 Black Citadel
05:43 Sacrificial Pit
06:29 Ziggurat
06:31 Ziggurat
06:33 Ziggurat
06:35 Ziggurat
08:39 Boneyard
09:24 Boneyard
12:00 Necropolis
14:21 Spirit Tower
14:45 Spirit Tower
15:25 Ziggurat
15:26 Ziggurat
15:31 Spirit Tower
16:16 Necropolis
19:11 Necropolis
21:24 Ziggurat
21:25 Ziggurat
21:28 Ziggurat
21:30 Ziggurat
25:15 Spirit Tower
25:47 Spirit Tower
» items
| Rod of Necromancy | 5 | |
| Potion of Healing | 4 | |
| Orb of Corruption | 1 | |
10 total
team 2 (winner)
miniraeace (
red | 44 APM | 910 actions | 20:51)
4 Goblin Tinker
2 Pocket Factory
2 Engineering Upgrade
» actions
| Build / train | 41 | |
| Enter build submenu | 13 | |
| Enter hero's abilities submenu | 4 | |
| Right click | 483 | |
| Select / deselect | 328 | |
| Use ability | 41 | |
910 total
» units
| Acolyte | 3 | |
| Ghoul | 9 | |
| Crypt Fiend | 6 | |
| Frost Wyrm | 1 | |
19 total
» upgrades
| Web | 1 | |
| Creature Attack | 2 | |
| Creature Carapace | 2 | |
| Burrow | 1 | |
| Ghoul Frenzy | 1 | |
7 total
» buildings
| Crypt | 2 | |
| Ziggurat | 5 | |
| Altar of Darkness | 1 | |
| Nerubian Tower | 1 | |
| Graveyard | 1 | |
| Tomb of Relics | 1 | |
| Halls of the Dead | 1 | |
| Black Citadel | 1 | |
| Spirit Tower | 4 | |
| Sacrificial Pit | 1 | |
| Boneyard | 2 | |
20 total
» build order
00:13 Crypt
00:17 Crypt
00:39 Ziggurat
01:28 Ziggurat
01:36 Altar of Darkness
01:52 Nerubian Tower
04:50 Graveyard
04:52 Tomb of Relics
04:58 Ziggurat
05:42 Halls of the Dead
07:52 Ziggurat
09:17 Black Citadel
09:54 Spirit Tower
09:55 Spirit Tower
10:18 Spirit Tower
12:02 Sacrificial Pit
12:52 Boneyard
12:53 Boneyard
14:33 Ziggurat
20:19 Spirit Tower
» items
| Orb of Fire | 1 | |
| Boots of Speed | 1 | |
| Staff of Teleportation | 1 | |
3 total
BigolRumproast (
green | 71 APM | 1414 actions | 19:59)
5 Death Knight
2 Death Coil
3 Unholy Aura
2 Lich
2 Frost Nova
» actions
| Assign group hotkey | 40 | |
| Basic commands | 171 | |
| Build / train | 87 | |
| ESC pressed | 6 | |
| Enter build submenu | 18 | |
| Enter hero's abilities submenu | 7 | |
| Give item / drop item | 3 | |
| Right click | 527 | |
| Select / deselect | 217 | |
| Select group hotkey | 263 | |
| Use ability | 75 | |
1414 total
» units
| Acolyte | 8 | |
| Ghoul | 4 | |
| Crypt Fiend | 19 | |
| Obsidian Statue | 8 | |
| Meatwagon | 2 | |
| Abomination | 1 | |
| Frost Wyrm | 4 | |
46 total
» upgrades
| Creature Attack | 3 | |
| Creature Carapace | 2 | |
| Web | 1 | |
| Burrow | 1 | |
| Destroyer Form | 1 | |
8 total
» buildings
| Graveyard | 1 | |
| Crypt | 1 | |
| Ziggurat | 10 | |
| Altar of Darkness | 1 | |
| Tomb of Relics | 1 | |
| Nerubian Tower | 1 | |
| Halls of the Dead | 2 | |
| Black Citadel | 2 | |
| Slaughterhouse | 1 | |
| Sacrificial Pit | 1 | |
| Boneyard | 1 | |
22 total
» build order
00:16 Graveyard
00:19 Crypt
00:40 Ziggurat
00:56 Altar of Darkness
01:22 Tomb of Relics
02:01 Ziggurat
02:41 Nerubian Tower
02:47 Ziggurat
04:42 Halls of the Dead
04:42 Halls of the Dead
07:44 Ziggurat
07:46 Ziggurat
08:45 Black Citadel
08:48 Slaughterhouse
11:32 Sacrificial Pit
13:18 Ziggurat
13:18 Ziggurat
13:19 Ziggurat
15:55 Boneyard
18:54 Ziggurat
18:55 Ziggurat
» items
| Rod of Necromancy | 1 | |
| Boots of Speed | 1 | |
| Circlet of Nobility | 4 | |
6 total
Retardwrangler (
teal | 124 APM | 4229 actions | 34:07)
9 Archmage
3 Summon Water Elemental
3 Brilliance Aura
1 Mass Teleport
2 Blizzard
» actions
| Assign group hotkey | 142 | |
| Basic commands | 200 | |
| Build / train | 189 | |
| ESC pressed | 26 | |
| Enter build submenu | 71 | |
| Enter hero's abilities submenu | 9 | |
| Give item / drop item | 3 | |
| Right click | 1235 | |
| Select / deselect | 583 | |
| Select group hotkey | 1518 | |
| Use ability | 253 | |
4229 total
» units
| Peasant | 47 | |
| Footman | 5 | |
| Rifleman | 9 | |
| Priest | 4 | |
| Knight | 5 | |
| Mortar Team | 4 | |
| Sorceress | 2 | |
| Gryphon Rider | 1 | |
| Siege Engine | 1 | |
| Spell Breaker | 2 | |
80 total
» upgrades
| Plating | 3 | |
| Lumber Harvesting | 2 | |
| Masonry | 3 | |
| Gunpowder | 3 | |
| Long Rifles | 1 | |
| Sorceress Training | 2 | |
| Priest Training | 2 | |
| Animal War Training | 1 | |
| Fragmentation Shards | 1 | |
| Storm Hammers | 1 | |
| Cloud | 1 | |
| Barrage | 1 | |
| Flying Machine Bombs | 1 | |
| Swords | 3 | |
| Armor | 3 | |
| Control Magic | 1 | |
29 total
» buildings
| Barracks | 3 | |
| Altar of Kings | 1 | |
| Farm | 16 | |
| Lumber Mill | 1 | |
| Arcane Vault | 1 | |
| Keep | 3 | |
| Town Hall | 1 | |
| Scout Tower | 26 | |
| Blacksmith | 2 | |
| Arcane Tower | 1 | |
| Castle | 3 | |
| Workshop | 5 | |
| Guard Tower | 42 | |
| Arcane Sanctum | 2 | |
| Gryphon Aviary | 2 | |
109 total
» build order
00:45 Barracks
00:47 Altar of Kings
00:50 Farm
01:18 Farm
01:21 Farm
02:03 Lumber Mill
02:17 Arcane Vault
02:30 Farm
03:58 Keep
03:58 Keep
03:58 Keep
04:37 Town Hall
04:50 Scout Tower
05:08 Blacksmith
05:34 Arcane Tower
06:17 Scout Tower
06:23 Castle
06:23 Castle
06:37 Workshop
06:54 Scout Tower
07:00 Guard Tower
07:00 Guard Tower
07:05 Scout Tower
07:32 Scout Tower
07:33 Scout Tower
07:50 Workshop
08:04 Scout Tower
08:09 Scout Tower
08:30 Guard Tower
08:30 Guard Tower
08:31 Guard Tower
08:38 Guard Tower
08:38 Guard Tower
08:39 Guard Tower
09:16 Scout Tower
09:17 Scout Tower
09:28 Scout Tower
09:40 Scout Tower
09:41 Scout Tower
09:44 Scout Tower
09:47 Scout Tower
09:48 Scout Tower
10:40 Guard Tower
11:44 Guard Tower
11:45 Guard Tower
11:45 Guard Tower
12:13 Scout Tower
13:44 Farm
13:52 Guard Tower
13:53 Guard Tower
13:53 Guard Tower
15:28 Arcane Sanctum
15:33 Farm
16:00 Farm
16:28 Workshop
16:34 Arcane Sanctum
17:47 Gryphon Aviary
17:49 Gryphon Aviary
17:54 Workshop
17:58 Farm
17:59 Workshop
18:03 Farm
18:51 Scout Tower
18:52 Scout Tower
18:53 Scout Tower
18:59 Scout Tower
19:01 Scout Tower
19:27 Farm
19:51 Guard Tower
19:51 Guard Tower
19:51 Guard Tower
20:47 Blacksmith
21:06 Barracks
21:12 Barracks
21:41 Farm
21:43 Farm
21:46 Farm
24:30 Farm
25:38 Scout Tower
25:38 Scout Tower
25:39 Scout Tower
25:40 Scout Tower
26:06 Guard Tower
26:06 Guard Tower
26:06 Guard Tower
26:06 Guard Tower
26:07 Guard Tower
26:07 Guard Tower
26:08 Guard Tower
26:08 Guard Tower
26:09 Guard Tower
26:11 Guard Tower
26:11 Guard Tower
26:11 Guard Tower
28:41 Farm
28:42 Farm
» items
| Mechanical Critter | 5 | |
| Scroll of Regeneration | 3 | |
| Staff of Sanctuary | 1 | |
| Potion of Lesser Invulnerability | 1 | |
| Staff of Teleportation | 1 | |
| Scroll of Town Portal | 1 | |
12 total
hiiiiiiii (
yellow | 92 APM | 1927 actions | 21:01)
7 Warden
3 Shadow Strike
3 Blink
1 Spirit of Vengeance
» actions
| Assign group hotkey | 138 | |
| Basic commands | 94 | |
| Build / train | 65 | |
| Enter build submenu | 27 | |
| Enter hero's abilities submenu | 7 | |
| Right click | 892 | |
| Select / deselect | 298 | |
| Select group hotkey | 310 | |
| Use ability | 96 | |
1927 total
» units
| Wisp | 24 | |
| Archer | 15 | |
| Hippogryph | 5 | |
44 total
» upgrades
| Strength of the Moon | 2 | |
| Moon Armor | 2 | |
| Improved Bows | 1 | |
| Hippogryph Taming | 1 | |
6 total
» buildings
| Altar of Elders | 1 | |
| Moon Well | 7 | |
| Ancient of War | 4 | |
| Ancient of Wonders | 2 | |
| Hunter's Hall | 2 | |
| Ancient Protector | 6 | |
| Tree of Ages | 1 | |
| Ancient of Wind | 3 | |
| Tree of Eternity | 2 | |
| Tree of Life | 1 | |
29 total
» build order
00:15 Altar of Elders
00:23 Moon Well
00:37 Ancient of War
01:37 Moon Well
02:00 Ancient of Wonders
02:38 Moon Well
03:15 Hunter's Hall
03:27 Moon Well
04:31 Ancient Protector
04:55 Tree of Ages
05:27 Ancient Protector
06:49 Ancient Protector
06:50 Ancient Protector
07:09 Ancient of War
08:37 Ancient of Wind
09:14 Ancient of Wind
12:03 Tree of Eternity
12:03 Tree of Eternity
12:39 Ancient Protector
12:42 Ancient Protector
12:46 Tree of Life
15:51 Ancient of Wonders
15:53 Ancient of War
15:55 Ancient of War
15:58 Ancient of Wind
18:46 Moon Well
18:47 Moon Well
18:50 Moon Well
20:26 Hunter's Hall
» items
| Lesser Clarity Potion | 1 | |
| Potion of Mana | 1 | |
| Scroll of Town Portal | 2 | |
4 total
Chat log
(00:08 / Allies) miniraeace: rushing
(00:12 / Allies) BigolRumproast: 100g?
(00:22 / Allies) miniraeace: my edge
(00:26 / Allies) miniraeace: soon as possible
(02:02 / Allies) miniraeace: teal you come to?
(02:11 / Allies) Retardwrangler: me cc
(02:16 / Allies) miniraeace: omg you suck
(02:20 / Allies) Retardwrangler: lmao
(02:23 / Allies) BigolRumproast: hahah
(03:35 / All) TURNCOATSMOTHER: right i forgot u hack red
(05:07 / All) TURNCOATSMOTHER: u dont ever hide ur mapach
(05:11 / All) TURNCOATSMOTHER: do ur ed
(06:03 / Allies) BigolRumproast: wtf?
(06:15 / Allies) BigolRumproast: take
(06:22 / Allies) hiiiiiiii: ty
(06:42 / Allies) Retardwrangler: lumber me?
(06:48 / Allies) Retardwrangler: ty
(07:57 / Allies) miniraeace: omg
(08:00 / Allies) Retardwrangler: wood me
(08:02 / Allies) miniraeace: someone with anti air do somthing
(08:03 / Allies) miniraeace: omg
(08:07 / Allies) Retardwrangler: or just give me 200 wood
(08:08 / Allies) BigolRumproast: omg
(08:09 / Allies) BigolRumproast: omg
(08:18 / Allies) BigolRumproast: this kid is such a pussy
(08:26 / Allies) BigolRumproast: u do sound like someone who would MH
(08:56 / Allies) Retardwrangler: lumber me fellas
(09:09 / Allies) hiiiiiiii: if i had
(09:28 / Allies) Retardwrangler: ty
(10:33 / All) TURNCOATSMOTHER: HACKER PINK DOWN
(10:43 / All) BigolRumproast: he sucks he seems like someone who hacks
(10:48 / All) TURNCOATSMOTHER: OH AND THE NBA IS RIGGED LAWL
(10:50 / All) SneakS.JD: whelp i just got tked
(10:51 / All) SneakS.JD: lol
(10:52 / All) SneakS.JD: gg
(10:57 / All) TURNCOATSMOTHER: WCR NUB
(11:00 / All) TURNCOATSMOTHER: NBA IS RIGGED LAWL
(11:11 / All) TURNCOATSMOTHER: K ILL STOP
(11:19 / All) Retardwrangler: why did he leave
(11:24 / All) Dead.Dragon: got tked
(11:42 / 7) Retardwrangler: why you tk early
(11:56 / 7) Retardwrangler: ruined the replay
(12:57 / All) Retardwrangler: it's hard getting used to playing on the different aspect ratio
(13:01 / All) Retardwrangler: I forgot to set it to stretch
(13:04 / All) Retardwrangler: everything looks so different
(15:12 / Allies) miniraeace: teal
(15:16 / Allies) miniraeace: wtf are you doing
(15:18 / Allies) Retardwrangler: me cc
(16:09 / All) Retardwrangler: i spy with my little eye a WYRMBOT
(16:57 / Allies) miniraeace: teal you got 4k
(16:59 / 7) Retardwrangler: ty
(17:00 / Allies) Retardwrangler: ty
(17:01 / Allies) miniraeace: that is a tk if ive ever seen one
(17:04 / Allies) BigolRumproast: LOL!
(17:05 / Allies) Retardwrangler: hmm?
(17:09 / Allies) BigolRumproast: ty
(17:10 / Allies) Retardwrangler: what do you know about tkers
(17:10 / Allies) BigolRumproast: <3
(17:15 / Allies) Retardwrangler: are you threatening me?
(17:20 / Allies) BigolRumproast: HHHA
(17:26 / Allies) miniraeace: i just gave you 1400 lumber...
(17:28 / All) TURNCOATSMOTHER: out hacker red
(17:34 / Allies) Retardwrangler: I've been tked before where they try to act nice and say I'm really the tker
(17:37 / Allies) Retardwrangler: but I did no such thing
(17:40 / Allies) Retardwrangler: are you going to tk me
(18:09 / Allies) BigolRumproast: ll
(18:18 / All) BigolRumproast: this game is full of babies hahaha
(18:22 / All) TURNCOATSMOTHER: lawl
(18:23 / All) TURNCOATSMOTHER: suck me
(18:24 / All) TURNCOATSMOTHER: bitch
(18:28 / All) BigolRumproast: i will
(18:34 / All) BigolRumproast: and im talking about the mh on my team
(18:38 / All) BigolRumproast: puss
(18:58 / Allies) miniraeace: yellow come
(19:08 / All) TURNCOATSMOTHER: u baby
(19:09 / All) TURNCOATSMOTHER: back
(19:10 / All) TURNCOATSMOTHER: whale
(20:48 / All) miniraeace: '
(23:05 / 7) Retardwrangler: I got it
(27:16 / All) Wetbone: purple is on the list
(27:24 / All) Retardwrangler: LOl
(29:06 / All) TURNCOATSMOTHER: whisper sneaks if u havent h ehas me on ignore lawl
(29:09 / All) TURNCOATSMOTHER: he does garg tech every game
(29:11 / All) TURNCOATSMOTHER: he def hacks
(29:21 / All) TURNCOATSMOTHER: he get spissed if nba is rigged
(29:58 / All) Retardwrangler: shoo
(30:34 / All) Retardwrangler: not with you
(30:39 / All) Retardwrangler: it's too hard to do anything but amove with this army
(30:40 / All) Dead.Dragon: lol teal u rat
(30:53 / All) Dead.Dragon: whatever u say rat
(31:15 / All) Retardwrangler: let me get blue
(31:17 / All) Dead.Dragon: kill him
(31:21 / All) Dead.Dragon: he tk
(31:37 / All) TURNCOATSMOTHER: gj lawl
(31:38 / All) Retardwrangler: lol
(31:44 / All) Retardwrangler: this game cleaned itself up
(31:47 / All) Retardwrangler: I didn't have to stab
(31:51 / All) TURNCOATSMOTHER: stay in game . gonna break fo ra bit. bathroom
(31:54 / All) Retardwrangler: k
(31:59 / All) TURNCOATSMOTHER: want to creep corners
(32:03 / All) Retardwrangler: not really
(32:03 / All) TURNCOATSMOTHER: afk bathroom 2 min
(33:53 / All) Retardwrangler: pink loses
(34:03 / All) TURNCOATSMOTHER: yea